Map: Prion Terraces

Players

LiquidTLO (TLO)

  • Race: Zerg Zerg

puCK (Nina) - Winner!

  • Race: Protoss Protoss
  • League: Grandmaster

Event: puCK vs TLO Bo9 (Matcherino)

VOD

Have the link to the VOD?

Description

Time

  • Played on: Nov. 17, 2015, 1:46 p.m.
  • Length: 6:32

All games in this series

Show
View Real Time Build Order
Export as new Build Order

LiquidTLO Zerg 

Build Orders: Pool First 

Get SALT Encoding   

  12  0:01  Drone  
  13  0:11  Drone  
  14  0:25  Spawning Pool  
  13  0:29  Drone  
  14  0:38  Extractor  
  14  0:39  Drone  
  14  0:42  Overlord  
  15  1:12  Zergling x6  
  19  1:25  Hatchery, Zergling x2  
  19  1:31  Queen  
  20  1:40  Overlord  
  20  1:45  Zergling x2  
  21  1:59  Zergling x2  
  22  2:18  Zergling x2  
  21  2:23  Zergling x2  
  21  2:28  Zergling x2  
  23  2:39  Queen  
  23  2:40  Spine Crawler, Zergling x2  
  23  2:43  Spine Crawler  
  24  2:52  Zergling x2  
  24  2:53  Zergling x2  
  24  2:54  Zergling x2  
  24  2:57  Zergling x2  
  27  3:00  Zergling x2  
  27  3:01  Zergling x2  
  27  3:02  Zergling x2  
  29  3:06  Zergling x2  
  29  3:09  Zergling x2  
  31  3:13  Zergling x2  
  32  3:24  Zergling x2  
  32  3:26  Zergling x2  
  30  3:31  Drone  
  26  3:35  Drone  
  26  3:36  Queen  
  29  3:42  Drone  
  29  3:44  Drone  
  28  3:56  Spine Crawler  
  26  4:04  Spine Crawler  
  25  4:10  Zergling x2  
  25  4:12  Zergling x4  
  25  4:15  Spine Crawler  
  26  4:19  Zergling x2  
  26  4:23  Zergling x2  
  25  4:25  Zergling x2  
  25  4:28  Zergling x2  
  25  4:33  Zergling x2  
  25  4:36  Extractor  
  21  4:39  Drone  
  21  4:41  Drone  
  22  4:47  Drone  
  22  4:48  Drone  
  22  4:51  Drone  
  25  4:56  Drone  
  25  4:59  Drone  
  25  5:02  Drone  
  25  5:06  Drone  
  27  5:15  Spine Crawler  
  27  5:16  Zergling x2  
  27  5:21  Zergling x2  
  26  5:24  Zergling x2  
  26  5:27  Zergling x2  
  28  5:32  Zergling x2  
  27  5:45  Zergling x4  
  29  5:52  Zergling x2  
  18  6:06  Zergling x2  
  17  6:12  Zergling x2  
Show
View Real Time Build Order
Export as new Build Order

puCK Protoss - Winner!

Build Orders: Nexus First 

Get SALT Encoding   

  12  0:01  Probe (Chrono Boost)  
  13  0:11  Probe (Chrono Boost)  
  14  0:18  Pylon  
  14  0:22  Probe (Chrono Boost)  
  15  0:36  Probe (Chrono Boost)  
  16  0:46  Probe (Chrono Boost)  
  17  0:57  Nexus  
  17  1:00  Probe (Chrono Boost)  
  18  1:11  Probe (Chrono Boost)  
  19  1:14  Gateway  
  19  1:21  Probe (Chrono Boost)  
  19  1:24  Assimilator  
  20  1:30  Assimilator  
  20  1:32  Probe (Chrono Boost)  
  21  1:40  Pylon  
  21  1:45  Pylon  
  21  1:48  Gateway  
  21  1:59  Pylon  
  21  2:02  Zealot (Chrono Boost)  
  21  2:04  Cybernetics Core  
  21  2:06  Probe  
  22  2:28  Zealot (Chrono Boost)  
  24  2:32  Pylon  
  24  2:36  Pylon  
  25  2:40  Mothership Core  
  25  2:41  Zealot (Chrono Boost)  
  28  2:49  Warp Gate  
  30  3:01  Zealot (Chrono Boost)  
  28  3:13  Probe  
  29  3:25  Probe  
  25  3:37  Probe  
  24  3:49  Probe  
  24  3:51  Sentry (Chrono Boost)  
  24  3:55  Adept (Chrono Boost)  
  28  4:17  Adept (Chrono Boost)  
  28  4:18  Adept (Chrono Boost)  
  23  4:44  Adept (Chrono Boost)  
  24  4:56  Probe  
  25  5:08  Probe  
  25  5:11  Pylon  
  26  5:23  Probe (Chrono Boost)  
  27  5:29  Adept  
  27  5:30  Adept  
  27  5:34  Probe (Chrono Boost)  
  32  5:45  Probe (Chrono Boost)  
  33  5:57  Probe (Chrono Boost)  
  32  6:10  Probe (Chrono Boost)  
  29  6:15  Adept  
  29  6:16  Adept  
  33  6:20  Probe (Chrono Boost)  

Tags
 
Add a new tag
Caveats
  • Supply blocks, unpowered buildings, or Contaminate may cause inaccurate times.
  • Supply counts are checked every 10 seconds.